 Dungeon Crawl Stone Soup version 0.30-a0-4-ga7cffc901d (webtiles) character file.

Game seed: 3444159121309653826

212 siradein the Grave Robber (level 5, -18/35 HPs)
             Began as a Demonspawn Necromancer on Aug 20, 2022.
             Demolished by an ogre
             ... wielding a +0 giant club
              (29 damage)
             ... on level 4 of the Dungeon.
             The game lasted 00:06:32 (4640 turns).

siradein the Grave Robber (Demonspawn Necromancer)  Turns: 4640, Time: 00:06:33

Health: -18/35     AC:  8    Str:  8    XL:     5   Next: 58%
Magic:  5/10       EV: 10    Int: 18    God:
Gold:   183        SH:  0    Dex: 14    Spells: 7/11 levels left

rFire   . . .      SeeInvis .    p - +0 trident
rCold   . . .      Faith    .    (no shield)
rNeg    . . .      Spirit   .    n - +1 ring mail {Will+}
rPois   .          Reflect  .    (no helmet)
rElec   .          Harm     .    (no cloak)
rCorr   .          Rampage  .    (no gloves)
Will    +....                    (no boots)
Stlth   +.........               (no amulet)
HPRegen 0.11/turn                f - ring of flight
MPRegen 0.12/turn                (no ring)

@: flying
A: thin metallic scales 1, demonic guardian 1, demonic touch 1
a: no special abilities


You were on level 4 of the Dungeon.
You visited 1 branch of the dungeon, and saw 4 of its levels.

You collected 183 gold pieces.

Inventory:

Hand Weapons
 p - a +0 trident (weapon)
Armour
 n - a +1 ring mail of willpower (worn)
Jewellery
 f - a ring of flight (left hand)
Wands
 r - a wand of paralysis (8)
Scrolls
 a - 2 scrolls of summoning
 g - 3 scrolls of blinking {unknown}
 i - 2 scrolls of enchant weapon
 j - a scroll of fear
 l - 2 scrolls of teleportation {unknown}
 q - a scroll of poison {unknown}
Potions
 b - 2 potions of magic
 c - a potion of haste {unknown}
 d - 2 potions of curing
 e - 6 potions of heal wounds
 h - a potion of experience {unknown}
 k - 2 potions of resistance {unknown}
 m - a potion of might {unknown}
 o - a potion of brilliance {unknown}


   Skills:
 + Level 1.6 Polearms
 + Level 1.7 Armour
 - Level 1.7 Dodging
 - Level 1.7 Stealth
 + Level 3.5 Spellcasting
 + Level 5.6 Necromancy


You had 7 spell levels left.
You knew the following spells:

 Your Spells              Type           Power      Damage    Failure   Level
a - Necrotise             Necr           92%        1d8       4%          1
b - Vampiric Draining     Necr           23%        2d7       14%         3

Your spell library contained the following spells:

 Spells                   Type           Power      Damage    Failure   Level
 Animate Dead             Necr           23%        N/A       41%         4
 Agony                    Necr           23%        N/A       77%         5
 Anguish                  Hex/Necr       6%         N/A       82%         4
 Enfeeble                 Hex            1%         N/A       100%        7


Dungeon Overview and Level Annotations

Branches:
Dungeon (4/15)
 Temple: D:4-7

Altars:
Ashenzari
Qazlal


Innate Abilities, Weirdness & Mutations

You are partially covered in thin metallic scales. (AC +2)
A weak demonic guardian rushes to your aid.
Your touch may inflict minor irresistible damage on your foes.


Message History

You hit the jelly but do no damage.
Your hands burn!
The jelly is lightly wounded.
The jelly hits you.
You are splashed with acid!
A demonic guardian appears!
You hit the jelly.
Your hands burn!
The jelly is moderately wounded.
The jelly barely misses you.
You hit the jelly.
Your hands burn!
The jelly is heavily wounded.
The jelly closely misses you. The jelly barely misses you.
You are too injured to fight recklessly!
You are too injured to fight recklessly!
You are too injured to fight recklessly!
You are too injured to fight recklessly!
You are too injured to fight recklessly!
You swap places.
Your iron imp hits the jelly!
The jelly dies!
Your iron imp disappears in a puff of smoke!
Key pressed, stopping explore.
An ogre comes into view. It is wielding a +0 giant club.
The ogre shouts!
The ogre moves out of view.
An ogre is nearby!
An ogre is nearby!
The ogre writhes in agony.
The ogre writhes in agony.
The ogre writhes in agony!
The ogre barely misses you.
The ogre writhes in agony!
The ogre writhes in agony.
The ogre hits you with a +0 giant club!!
Ouch! That really hurt!
A demonic guardian appears!
You are too injured to fight recklessly!
You are too injured to fight recklessly!
You are too injured to fight recklessly!
You are too injured to fight recklessly!
You are too injured to fight recklessly!
The ogre attacks as you move away!
The ogre hits you with a +0 giant club!!
Ouch! That really hurt!
You die...

........ ..#....
###..... ...... #.... #
#... .# ###..###.#
###....O5..#
#.....@#...#
#......##..#..
#.............
#####...........
#######.##.##......
#....##....# ......
##..........# ......
####.........#..#......
##..#...###...#.....


You could see an ogre and a friendly iron imp (summoned).

Vanquished Creatures
  An iguana (D:4)
  5 adders
  2 worms (D:4)
  10 orcs
  11 endoplasms
  5 giant cockroaches
  8 hobgoblins
  5 jackals
  5 kobolds
  2 quokkas
  5 ball pythons
  6 bats (D:1)
  6 frilled lizards
  4 goblins
  7 rats
82 creatures vanquished.

Vanquished Creatures (collateral kills)
  A jelly (D:4)
  An orc (D:4)
  An endoplasm (D:1)
  2 jackals (D:1)
  A rat (D:2)
6 creatures vanquished.

Vanquished Creatures (others)
  3 withered plants (D:2)
3 creatures vanquished.

Grand Total: 91 creatures vanquished

Notes
Turn   | Place    | Note
-------+----------+-------------------------------------------
     0 | D:1      | siradein the Demonspawn Necromancer began the quest for the
                  | Orb.
     0 | D:1      | Reached XP level 1. HP: 13/13 MP: 3/3
   275 | D:1      | Gained mutation: A weak demonic guardian rushes to your
                  | aid. [demonic ancestry]
   275 | D:1      | Reached XP level 2. HP: 13/19 MP: 0/5
  1217 | D:1      | Reached skill level 5 in Necromancy
  1217 | D:1      | Reached XP level 3. HP: 23/24 MP: 5/7
  1452 | D:1      | Learned a level 3 spell: Vampiric Draining
  1583 | D:2      | Found a faded altar of an unknown god.
  2840 | D:3      | Gained mutation: You are partially covered in thin metallic
                  | scales. (AC +2) [demonic ancestry]
  2840 | D:3      | Reached XP level 4. HP: 28/30 MP: 1/8
  3262 | D:3      | Reached skill level 1 in Polearms
  3262 | D:3      | Reached skill level 1 in Armour
  3822 | D:4      | Gained mutation: Your touch may inflict minor irresistible
                  | damage on your foes. [demonic ancestry]
  3822 | D:4      | Reached XP level 5. HP: 35/35 MP: 6/9
  3896 | D:4      | Found a stormy altar of Qazlal.
  3900 | D:4      | Noticed a fire elemental
  3939 | D:4      | Found a broken altar of Ashenzari.
  4065 | D:4      | Noticed a water elemental
  4296 | D:4      | Noticed an air elemental
  4628 | D:4      | Noticed an ogre
  4640 | D:4      | Demolished by an ogre

Illustrated notes

Levels and vault maps discovered:
D:1:      grunt_arrival_lava_bath, layout_loops_corners, chequers_garden
D:2:      layout_basic, ebering_ecumenical_altar_petrified,
          minmay_misc_feat_more_columns
D:3:      layout_loops_ring, hangedman_decor_points,
          kennysheep_decorative_pillar, minmay_between
D:4:      layout_cave_pools, lemuel_mausoleum_altar_kikubaaqudgha,
          ashenzari_altar_1, nicolae_qazlal_style_of_elements,
          minmay_misc_feat_diagonals, kennysheep_generic_room_2

Skill      XL: |  1  2  3  4 |
---------------+-------------+-----
Necromancy     | 5 |  5.6
Spellcasting   | 3 |  3.5
Polearms       | 1 |  1.6
Armour         | 1 |  1.7
Dodging        | |  1.7
Stealth        | |  1.7

Action                   |  1- 3 |  4- 6 || total
-------------------------+-------+-------++-------
Melee: Unarmed           |    23 |       ||    23
       Spear             |    51 |    46 ||    97
       Trident           |       |    20 ||    20
       Touch             |       |     4 ||     4
 Cast: Necrotise         |    66 |    68 ||   134
  Use: Scroll            |     4 |     1 ||     5
 Stab: Sleeping          |     1 |     1 ||     2
Armor: Robe              |    15 |       ||    15
       Leather armour    |     5 |     8 ||    13
       Ring mail         |       |    28 ||    28
Dodge: Dodged            |    57 |    51 ||   108

Table legend: (Time is in decaauts)
 A = Elapsed time spent in this place.
 B = Non-inter-level travel time spent in this place.
 C = Inter-level travel time spent in this place.
 D = Time resting spent in this place.
 E = Time spent auto-exploring this place.
 F = Levels seen in this place.
 G = Mean time per level.
                   A        B        C        D        E       F      G
               +--------+--------+--------+--------+--------+-----+--------+
         Total |   4650 |   4542 |    108 |      0 |   3937 |   4 | 1162.5 |
       Dungeon |   4650 |   4542 |    108 |      0 |   3937 |   4 | 1162.5 |
               +--------+--------+--------+--------+--------+-----+--------+

Top non-repeatable levels by time:
     D:1: 1526 daAuts
     D:2: 1305 daAuts
     D:3: 971 daAuts
     D:4: 846 daAuts
